 Dungeon Crawl Stone Soup version 0.28-a0-32-g8dfe7f97f6 (webtiles) character file.

Game seed: 1679077033246458873

19508 dracfodder the Cleaver (level 12, -3/73 HPs)
             Began as a Gargoyle Berserker on July 28, 2021.
             Was a High Priest of Trog.
             Slain by an orc warrior (13 damage)
             ... led by an orc warlord
             ... on level 1 of the Orcish Mines.
             The game lasted 00:43:25 (9694 turns).

dracfodder the Cleaver (Gargoyle Berserker)         Turns: 9694, Time: 00:43:26

Health: -3/73      AC: 22    Str: 25    XL:     12   Next: 69%
Magic:  12/12      EV: 12    Int:  9    God:    Trog [*****.]
Gold:   675        SH:  5    Dex:  9    Spells: 11/11 levels left

rFire   . . .      SeeInvis .   a - +3 war axe (freeze)
rCold   . . .      Faith    .   (no shield)
rNeg    + . .      Spirit   .   m - +0 ring mail
rPois   ∞          Reflect  +   d - +1 helmet
rElec   +          Harm     .   B - +0 cloak
rCorr   .          Rampage  .   h - +0 pair of gloves
Will    ++...      Clarity  +   E - +1 pair of boots
Stlth   +.........              q - amulet of reflection
HPRegen 2.22/turn               (no ring)
MPRegen 0.13/turn               (no ring)

@: strong-willed, on berserk cooldown, regenerating, slowed, studying Slings,
very slow
A: sickness immunity, AC +8, negative energy resistance 1, electricity
resistance, torment resistance 1, petrification resistance, clarity,
regeneration 1
a: Renounce Religion, Berserk, Trog's Hand, Brothers in Arms


You were on level 1 of the Orcish Mines.
You worshipped Trog.
Trog was extremely pleased with you.
You visited 2 branches of the dungeon, and saw 12 of its levels.

You collected 675 gold pieces.

Inventory:

Hand Weapons
 a - a +3 war axe of freezing (weapon)
 b - a +0 fustibalus of flaming
 r - a +0 hand crossbow
 w - a +5 halberd of venom
 A - a +4 quarterstaff of chaos
 D - a +3 vorpal flail
 P - a +0 halberd of flaming
Missiles
 c - 139 arrows
 f - 9 curare-tipped darts (quivered)
 g - 289 stones
 i - 24 poisoned darts
 k - 222 bolts
 t - 61 sling bullets
 K - 5 boomerangs
 M - 2 throwing nets
 O - 7 atropa-tipped darts
Armour
 d - a +1 helmet (worn)
 h - a +0 pair of gloves (worn)
 m - a +0 ring mail (worn)
 B - a +0 cloak (worn)
 E - a +1 pair of boots (worn)
 Q - +0 steam dragon scales
Jewellery
 q - an amulet of reflection (around neck)
 y - a ring of protection from fire
 z - a +6 ring of dexterity
 L - a +6 ring of intelligence
Wands
 n - a wand of acid (7)
 x - a wand of polymorph (11)
 H - a wand of iceblast (13)
 I - a wand of flame (19)
Scrolls
 u - a scroll of immolation
 F - a scroll of fog
 G - 4 scrolls of teleportation
 J - 2 scrolls of identify
Potions
 e - 4 potions of heal wounds
 j - a potion of flight
 l - 2 potions of lignification
 o - 3 potions of ambrosia
 p - a potion of cancellation
 s - a potion of curing
 v - a potion of resistance
 C - a potion of haste
 N - a potion of might {unknown}


   Skills:
 + Level 8.1 Fighting
 * Level 14.3(14.4) Axes
 + Level 0.4(10.4) Maces & Flails
 + Level 1.2(9.7) Polearms
 + Level 9.7 Slings
 + Level 6.8 Armour
 + Level 4.3 Dodging
 + Level 2.1 Stealth
 + Level 3.4 Shields


You had 11 spell levels left.
You didn't know any spells.
Your spell library was empty.

Dungeon Overview and Level Annotations

Branches:
Dungeon (11/15)            Temple (0/1) D:7            Lair (0/6) D:10
    Orc (1/2) D:10

Altars:
Hepliaklqana
Nemelex Xobeh

Shops:
D:5 *

Annotations:
D:9 1 transporter


Innate Abilities, Weirdness & Mutations

You are immune to sickness and miasma.
Your stone body is resilient. (AC +8)
You are immune to poison.
You resist negative energy. (rN+)
You are resistant to electric shocks. (rElec)
You are resistant to unholy torment.
You are immune to petrification.
You possess an exceptional clarity of mind.
Your natural rate of healing is unusually fast.


Message History

You freeze the orc warrior. You slash the orc warrior!
You freeze the orc warrior. You barely miss the orc.
Your ring mail prevents you from hitting the orc.
The orc warrior hits you but does no damage.
You block the orc warrior's attack.
The orc warrior hits you with a +0 scimitar.
The orc hits you but does no damage.
You barely miss the orc. You slash the orc! You freeze the orc.
You kill the orc!
Trog accepts your kill.
You hit the orc warrior. You freeze the orc warrior.
You closely miss the orc warrior. x2
You hit the orc. You freeze the orc.
You kill the orc!
Trog accepts your kill.
You closely miss the orc warrior. x3; You hit the orc wizard.
You freeze the orc wizard.
You are no longer berserk.
You are exhausted.
You feel yourself slow down. The orc warrior barely misses you.
The orc warrior hits you with a +0 war axe!
* * * LOW HITPOINT WARNING * * *
The orc warrior hits you but does no damage.
You hit the orc warrior but do no damage.
The orc warrior is almost dead.
You slash the orc wizard! You freeze the orc wizard.
You kill the orc wizard!
Trog accepts your kill.
Trog appreciates your killing of a magic user.
You hit the orc warrior but do no damage. x2
The orc warrior hits you with a +0 war axe!
* * * LOW HITPOINT WARNING * * *
The orc warrior hits you but does no damage. x2
Your skin crawls.
You feel strong-willed. You block the orc warrior's attack.
The orc warrior misses you.
The orc warrior hits you with a +0 scimitar.
* * * LOW HITPOINT WARNING * * *
The orc warrior hits you with a +0 war axe!
You die...

..$. ##...# ##..######
#($.## ##....#####....##.#.
.#.((..##.....>.##........<.
(o.(#..(.........#.....#.)).
...........###.....##......#
.....o#(O..# ##....####....#
(....()....###.....##.......
.#.....###))#.......#.......
##..$. ##@o).###......#...
#....# #o$o#.# ###...###.#
##$.# ###.### #......####
### ### #...#....#
#....##..#.# ....## #....#
##.. ...... #. ...##. # ####


You could see 3 orc warriors and an ogre.

Vanquished Creatures
  An orc warlord (Orc:1)
  A centaur warrior (D:10)
  An orc knight (Orc:1)
  Maggie (D:9)
  3 trolls
  A hornet (D:6)
  Sigmund (D:6)
  2 wraiths
  3 wyverns
  A basilisk (D:10)
  A steam dragon (D:6)
  28 yaks
  Edmund (D:5)
  A warg (Orc:1)
  5 water moccasins
  2 sky beasts
  A black bear (D:6)
  9 orc warriors
  2 hornet zombies
  2 necrophages
  3 ogres
  2 centaurs
  2 phantoms
  Blork the orc (D:4)
  3 kobold brigands
  5 bullfrogs
  A gnoll sergeant (D:9)
  2 scorpions
  3 wyvern skeletons
  A water moccasin zombie (D:5)
  A water moccasin skeleton (D:4)
  The ghost of DocClef the Covert, a weakling GnDe (D:3)
  8 killer bees
  2 howler monkeys
  A jelly (D:7)
  A bullfrog zombie (D:6)
  4 centaur zombies
  Crazy Yiuf (D:3)
  10 orc priests
  A gnoll shaman (D:6)
  4 hounds
  Natasha (thrice) (D:4)
  4 iguanas
  10 orc wizards
  A hound skeleton (D:4)
  3 howler monkey zombies
  Robin (D:4)
  7 gnolls
  13 adders
  3 white imps
  An ufetubus (D:5)
  An adder skeleton (D:4)
  3 worms
  4 dart slugs
  38 orcs
  6 bats
  3 endoplasms
  10 giant cockroaches
  18 goblins
  7 hobgoblins
  5 jackals (D:4)
  3 quokkas
  6 ball pythons
  3 frilled lizards
  15 kobolds
  6 rats
298 creatures vanquished.

Vanquished Creatures (collateral kills)
  3 yaks (D:9)
3 creatures vanquished.

Vanquished Creatures (others)
  A howler monkey (D:6)
  2 fungi (D:10)
  3 plants (D:10)
6 creatures vanquished.

Grand Total: 307 creatures vanquished

Notes
Turn   | Place    | Note
-------+----------+-------------------------------------------
     0 | D:1      | dracfodder the Gargoyle Berserker began the quest for the
                  | Orb.
     0 | D:1      | Reached XP level 1. HP: 14/14 MP: 1/1
   235 | D:1      | Reached skill level 3 in Axes
   282 | D:1      | Reached XP level 2. HP: 16/19 MP: 2/2
  1011 | D:1      | Found a faded altar of an unknown god.
  1149 | D:2      | Found a hazy altar of Hepliaklqana.
  1183 | D:2      | Reached XP level 3. HP: 20/23 MP: 3/3
  1420 | D:2      | Reached ** piety under Trog
  1463 | D:2      | Reached XP level 4. HP: 25/28 MP: 4/4
  1853 | D:2      | Reached skill level 4 in Axes
  2278 | D:3      | Reached XP level 5. HP: 15/32 MP: 5/5
  2531 | D:3      | Found a runed translucent door.
  2585 | D:3      | Reached skill level 1 in Stealth
  2696 | D:3      | Identified a scroll of acquirement
  2696 | D:3      | Acquired a manual of Slings
  2776 | D:3      | Noticed a necrophage
  2792 | D:3      | Killed a necrophage
  2793 | D:3      | Reached skill level 5 in Axes
  2793 | D:3      | Reached XP level 6. HP: 36/38 MP: 6/6
  3039 | D:4      | Noticed Blork the orc
  3047 | D:4      | Killed Blork the orc
  3048 | D:4      | Noticed Robin
  3058 | D:4      | Killed Robin
  3096 | D:4      | Reached *** piety under Trog
  3097 | D:4      | Reached XP level 7. HP: 26/43 MP: 7/7
  3324 | D:4      | Noticed Natasha
  3338 | D:4      | Killed Natasha
  3339 | D:4      | Reached skill level 6 in Axes
  3664 | D:4      | Noticed Natasha
  3680 | D:4      | Killed Natasha
  4019 | D:4      | Noticed Natasha
  4025 | D:4      | Killed Natasha
  4298 | D:5      | Entered Level 5 of the Dungeon
  4340 | D:3      | Noticed DocClef's ghost (weakling GnDe)
  4421 | D:3      | Found a runed translucent door.
  4422 | D:3      | Noticed Crazy Yiuf
  4535 | D:3      | Killed DocClef's ghost
  4624 | D:3      | Killed Crazy Yiuf
  4898 | D:5      | Noticed Edmund
  4899 | D:5      | Reached XP level 8. HP: 42/48 MP: 8/8
  4910 | D:5      | Killed Edmund
  4911 | D:5      | Reached skill level 7 in Axes
  5060 | D:5      | Gained mutation: You are dopey. (Int -2) [potion of
                  | mutation]
  5060 | D:5      | Gained mutation: You possess an exceptional clarity of
                  | mind. [potion of mutation]
  5060 | D:5      | Lost mutation: You are dopey. (Int -2) [potion of mutation]
  5060 | D:5      | Gained mutation: Your natural rate of healing is unusually
                  | fast. [potion of mutation]
  5152 | D:6      | Noticed a hornet
  5174 | D:6      | Noticed Sigmund
  5186 | D:6      | Killed a hornet
  5187 | D:6      | Reached skill level 8 in Axes
  5187 | D:6      | Reached skill level 1 in Shields
  5193 | D:6      | Killed Sigmund
  5194 | D:6      | Reached skill level 5 in Armour
  5355 | D:6      | Noticed a yak
  5355 | D:6      | Noticed a yak
  5355 | D:6      | Noticed a yak
  5356 | D:6      | Noticed a yak
  5364 | D:6      | Killed a yak
  5365 | D:6      | Reached XP level 9. HP: 51/53 MP: 9/9
  5369 | D:6      | Reached **** piety under Trog
  5370 | D:6      | Reached skill level 5 in Fighting
  5370 | D:6      | Reached skill level 1 in Slings
  5384 | D:6      | Reached skill level 9 in Axes
  5553 | D:6      | Noticed a troll
  5571 | D:6      | Killed a troll
  5588 | D:6      | Reached skill level 5 in Slings
  5777 | D:5      | Found Nouxetaa's Gadget Gallery.
  6357 | D:7      | Reached XP level 10. HP: 60/60 MP: 10/10
  6405 | D:7      | Found a staircase to the Ecumenical Temple.
  6624 | D:7      | Reached skill level 10 in Axes
  6758 | D:8      | Reached skill level 1 in Polearms
  7130 | D:8      | Reached skill level 13 in Axes
  7130 | D:8      | Reached XP level 11. HP: 66/66 MP: 11/11
  7403 | D:8      | You fall into a shaft and drop 2 floors!
  7403 | D:10     | Entered Level 10 of the Dungeon
  7564 | D:9      | You fall into a shaft and drop 2 floors!
  7585 | D:11     | Noticed a cyclops
  8178 | D:9      | Reached ***** piety under Trog
  8265 | D:9      | Reached XP level 12. HP: 72/72 MP: 12/12
  8400 | D:9      | Noticed Maggie
  8445 | D:9      | Killed Maggie
  8520 | D:9      | Found a sparkling altar of Nemelex Xobeh.
  8520 | D:9      | Found a transporter.
  8520 | D:9      | Noticed a five-headed hydra
  8907 | D:10     | Found a staircase to the Lair.
  9071 | D:10     | Noticed a centaur warrior
  9091 | D:10     | Killed a centaur warrior
  9092 | D:10     | Reached skill level 14 in Axes
  9278 | D:10     | Found a staircase to the Orcish Mines.
  9510 | Orc:1    | Entered Level 1 of the Orcish Mines
  9647 | Orc:1    | Noticed an orc warlord
  9682 | Orc:1    | Killed an orc warlord
  9694 | Orc:1    | Slain by an orc warrior

Illustrated notes

Levels and vault maps discovered:
D:1:      evilmike_arrival_rings, layout_loops_ring,
          shapermc_ecumenical_altar_venn
D:2:      layout_loops_corners, basic_altar, minmay_worlds_worst_comb
D:3:      layout_loops_cross, serial_glass, glass_columns_b, glass_columns_a,
          ebering_ghost_reflecting_pool, eino_tiny_chamber,
          uniq_crazy_yiuf_cottage
D:4:      layout_basic, chequers_ossuary_entry_cave, uniq_natasha, uniq_robin,
          uniq_blork_the_orc
D:5:      layout_loops_cross, small_statue_intersection, nicolae_shop_gadgets,
          uniq_edmund
D:6:      cheibrodos_barr_body, layout_rooms, uniq_sigmund
D:7:      layout_rooms, minmay_temple_entry_waves
D:8:      layout_loops_corners, hangedman_decor_slide_cut,
          hangedman_decor_clover_reticule
D:9:      layout_cave_pools, grunt_nemelex_the_gamble, uniq_maggie
D:10:     layout_roguey, minmay_lair_entry_grove, orc_0_dummy
D:11:     layout_rooms, serial_rivers, chequers_serial_rivers_room_a,
          chequers_serial_rivers_room_b, chequers_serial_rivers_micro_a,
          chequers_serial_rivers_micro_c, chequers_serial_rivers_small_a,
          chequers_serial_rivers_micro_c, uniq_urug
Orc:1:    layout_diamond_mine

Skill      XL: |  1  2  3  4  5  6  7  8  9 10 11 12 |
---------------+-------------------------------------+-----
Axes           | 3 4 5 6 8 9 13 14 | 14.3
Dodging        | 2 3 4 |  4.3
Armour         | 3 4 5 6 |  6.8
Stealth        | 1 2 |  2.1
Fighting       | 4 6 7 8 |  8.1
Shields        | 1 2 3 |  3.4
Slings         | 5 8 9 |  9.7
Polearms       | 1 |  1.2
Maces & Flails | |  0.4

Action                   |  1- 3 |  4- 6 |  7- 9 | 10-12 || total
-------------------------+-------+-------+-------+-------++-------
Melee: Hand axe          |   104 |   144 |       |       ||   248
       War axe           |       |    53 |   271 |   259 ||   583
       Halberd           |       |       |    11 |    20 ||    31
       Flail             |       |       |       |     3 ||     3
 Fire: Fustibalus        |       |       |    56 |   238 ||   294
Throw: Dart              |     1 |       |       |       ||     1
Invok: Berserk           |       |     1 |     5 |     3 ||     9
       Trog's Hand       |       |     1 |     3 |     4 ||     8
       Brothers in Arms  |       |       |       |     1 ||     1
  Use: Scroll            |     2 |     5 |    14 |     8 ||    29
       Potion            |       |       |     3 |     2 ||     5
 Stab: Sleeping          |     1 |       |       |       ||     1
Armor: Animal skin       |    18 |       |       |       ||    18
       Ring mail         |    19 |    90 |   211 |   193 ||   513
Dodge: Dodged            |    59 |   100 |   182 |   189 ||   530
Block: Other             |       |       |    75 |    90 ||   165
       Reflection        |       |       |     3 |     4 ||     7

Table legend: (Time is in decaauts)
 A = Elapsed time spent in this place.
 B = Non-inter-level travel time spent in this place.
 C = Inter-level travel time spent in this place.
 D = Time resting spent in this place.
 E = Time spent auto-exploring this place.
 F = Levels seen in this place.
 G = Mean time per level.
                   A        B        C        D        E       F      G
               +--------+--------+--------+--------+--------+-----+--------+
         Total |   9828 |   9400 |    428 |    343 |   6279 |  12 |  819.0 |
       Dungeon |   9667 |   9239 |    428 |    343 |   6221 |  11 |  878.8 |
  Orcish Mines |    161 |    161 |      0 |      0 |     58 |   1 |  161.0 |
               +--------+--------+--------+--------+--------+-----+--------+

Top non-repeatable levels by time:
     D:4: 1324 daAuts
     D:3: 1308 daAuts
     D:1: 1142 daAuts
     D:2: 1085 daAuts
     D:8: 1049 daAuts
     D:5: 879 daAuts
    D:10: 863 daAuts
     D:6: 752 daAuts
     D:9: 728 daAuts
     D:7: 484 daAuts
   Orc:1: 161 daAuts
    D:11: 47 daAuts
